AoeStats
← Mandingo

Arena

510135841Analyzed
4v4 RM · 1d ago on Sep 29, 2026· 55m 7s· 8 players
Game mode
Random Map
Map size
Large (8 player)
Population
200
Speed
Normal
Resources
Standard
Victory
Conquest
Starting age
Dark Age
Ending age
Imperial Age
RankedLock teamsTeams togetherTeam positionsShared explorationLock speedFull tech treeHidden civsTurbo modeCheats
Victory
Defeat
🇵🇰 Saracens · Pakistan
1307
+10
🇧🇷 Turks · Brazil
1296
+11
🇵🇰 Franks · Pakistan
1263
+12
🇵🇰 Hindustanis · Pakistan
943
+24
🇦🇷 Cumans · Argentina
1209
-16
🇨🇦 Bengalis · Canada
1176
-15
🇩🇪 Varangians · Germany
1165
-14
🇨🇦 Berbers · Canada
1108
-12
Mandingo
10:33 Feudal Age
14:29 Castle Age
12:58 Double-Bit Axe
13:16 Horse Collar
16:01 Bow Saw
20:23 Gold Mining
20:48 Heavy Plow
20:56 Loom
21:59 Wheelbarrow
22:37 Husbandry
23:32 Fortified Wall
23:48 Bloodlines
27:25 Scale Barding Armor
27:29 Fletching
28:09 Forging
28:45 Ballistics
29:38 Gold Shaft Mining
29:15 Bodkin Arrow
29:41 Chain Barding Armor
29:22 Padded Archer Armor
33:16 Imperial Age
32:08 Leather Archer Armor
32:43 Paiks
34:04 Hand Cart
33:32 Elite Elephant Archer
35:21 Chemistry
35:04 Bracer
35:33 Siege Elephant
37:00 Conscription
37:21 Plate Barding Armor
38:17 Elite Skirmisher
39:30 Ring Archer Armor
40:08 Two-Man Saw
39:40 Crop Rotation
43:51 Iron Casting
45:41 Masonry
46:43 Siege Engineers
47:09 Architecture
52:39 Pikeman
FuaKatelas
0:37 Loom
11:31 Feudal Age
16:36 Castle Age
15:21 Double-Bit Axe
16:12 Horse Collar
17:03 Gold Mining
17:33 Husbandry
18:07 Bloodlines
20:10 Scale Barding Armor
28:08 Bow Saw
29:40 Wheelbarrow
30:13 Fletching
30:53 Hand Cart
31:02 Heavy Plow
31:26 Bodkin Arrow
32:49 Fortified Wall
35:46 Imperial Age
33:54 Padded Archer Armor
34:49 Ballistics
35:00 Leather Archer Armor
34:56 Kasbah
35:44 Gold Shaft Mining
37:01 Conscription
36:05 Elite Camel Archer
36:57 Thumb Ring
37:15 Bracer
39:42 Chemistry
40:30 Ring Archer Armor
39:29 Heavy Camel Rider
40:36 Chain Barding Armor
41:52 Plate Barding Armor
47:00 Pikeman
Nomad
11:03 Feudal Age
15:09 Castle Age
13:18 Double-Bit Axe
13:44 Horse Collar
16:16 Wheelbarrow
17:06 Bow Saw
17:05 Heavy Plow
19:49 Stone Mining
22:10 Gold Mining
28:57 Imperial Age
27:18 Hand Cart
26:48 Loom
28:27 Forging
28:22 Scale Barding Armor
29:10 Stone Shaft Mining
29:47 Iron Casting
29:30 Husbandry
29:44 Bloodlines
31:00 Conscription
30:10 Elite Jarl
31:31 Chain Barding Armor
32:43 Blast Furnace
32:28 Gambesons
32:44 Squires
32:30 Arson
32:07 Pikeman
34:07 Scale Mail Armor
35:01 Plate Barding Armor
34:06 Halberdier
37:52 Chain Mail Armor
39:31 Plate Mail Armor
choripan con chimi
11:32 Feudal Age
12:01 Man-at-Arms
12:34 Double-Bit Axe
12:32 Horse Collar
13:12 Forging
13:56 Scale Mail Armor
23:58 Castle Age
23:37 Scale Barding Armor
24:27 Gold Mining
25:33 Bow Saw
25:25 Heavy Plow
27:22 Stone Mining
31:30 Imperial Age
29:58 Gold Shaft Mining
29:45 Bloodlines
30:26 Wheelbarrow
30:52 Chain Barding Armor
31:12 Iron Casting
30:05 Light Cavalry
33:11 Plate Barding Armor
33:02 Ballistics
33:42 Chemistry
33:47 Conscription
33:39 Steppe Husbandry
33:38 Hussar
36:33 Blast Furnace
39:24 Elite Steppe Lancer
46:59 Two-Man Saw
46:31 Crop Rotation
48:24 Pikeman
49:05 Squires
49:24 Chain Mail Armor
50:44 Plate Mail Armor
50:49 Hand Cart
49:57 Pikeman
50:38 Squires
50:46 Halberdier
Sufi Banaspati
11:04 Feudal Age
15:24 Castle Age
13:44 Double-Bit Axe
19:12 Bow Saw
25:42 Husbandry
26:25 Scale Barding Armor
26:23 Scale Mail Armor
26:32 Gold Mining
28:28 Chain Barding Armor
28:21 Forging
31:55 Imperial Age
30:11 Wheelbarrow
29:32 Stone Mining
31:25 Hand Cart
31:58 Iron Casting
31:40 Loom
33:20 Plate Barding Armor
32:09 Cavalier
33:53 Siege Engineers
34:54 Blast Furnace
34:24 Paladin
35:28 Conscription
38:09 Chivalry
39:44 Chemistry
51:29 Hoardings
50:19 Elite Throwing Axeman
Pablo AndarBar
11:20 Feudal Age
15:09 Castle Age
13:37 Double-Bit Axe
14:01 Horse Collar
17:36 Heavy Plow
18:22 Bow Saw
21:21 Gold Mining
23:14 Loom
26:24 Padded Archer Armor
28:49 Wheelbarrow
30:28 Scale Barding Armor
30:33 Forging
32:56 Imperial Age
30:31 Husbandry
30:41 Bloodlines
31:14 Bloodlines
32:56 Gold Shaft Mining
32:11 Stone Mining
32:40 Thumb Ring
33:11 Ballistics
33:18 Hand Cart
33:46 Sipahi
33:35 Fletching
34:01 Leather Archer Armor
34:06 Masonry
34:17 Bombard Tower
34:49 Parthian Tactics
34:17 Heavy Cavalry Archer
34:54 Bodkin Arrow
36:29 Ring Archer Armor
36:00 Bracer
37:54 Conscription
40:38 Artillery
43:14 Treadmill Crane
44:05 Architecture
43:47 Fortified Wall
47:39 Murder Holes
51:33 Iron Casting
51:18 Chain Barding Armor
|LEGIONS| Simple Man
10:44 Feudal Age
15:01 Castle Age
13:10 Double-Bit Axe
13:38 Horse Collar
29:45 Bow Saw
30:53 Scale Barding Armor
31:45 Wheelbarrow
31:29 Gold Mining
35:51 Imperial Age
33:40 Hand Cart
33:42 Husbandry
34:23 Bloodlines
34:42 Chain Barding Armor
34:49 Heavy Plow
35:38 Forging
38:09 Ballistics
41:17 Two-Man Saw
40:12 Town Watch
40:13 Loom
41:08 Plate Barding Armor
40:09 Elite Mameluke
41:10 Conscription
45:03 Siege Engineers
44:54 Murder Holes
45:40 Hoardings
51:04 Masonry
Wild Nût Buster
2:45 Loom
12:04 Feudal Age
13:10 Double-Bit Axe
16:08 Castle Age
15:38 Horse Collar
17:42 Bow Saw
21:54 Wheelbarrow
22:57 Heavy Plow
24:03 Gold Mining
24:03 Stone Mining
24:09 Stone Mining
30:10 Imperial Age
29:20 Scale Barding Armor
29:25 Forging
31:03 Chain Barding Armor
31:24 Heavy Camel Rider
32:17 Bloodlines
32:12 Husbandry
32:29 Loom
32:29 Town Watch
32:59 Hand Cart
34:08 Plate Barding Armor
34:09 Iron Casting
33:26 Imperial Camel Rider
35:56 Gold Shaft Mining
35:58 Stone Shaft Mining
37:43 Blast Furnace
45:04 Light Cavalry
46:31 Hussar
Connection lost

Rejoining the realm…

Still unreachable

The connection could not be restored.

Session expired

The server has moved on; the page needs a fresh start.